 Dungeon Sprint DCSS version 0.21-a0-110-g8e1637b (webtiles) character file.

254 Kidiri the Covert (level 5, -5/27 HPs)
             Began as a Spriggan Enchanter on July 7, 2017.
             Slain by a necrophage (8 damage)
             ... in the Dungeon (Sprint II: "The Violet Keep of Menkaure").
             The game lasted 00:00:41 (72 turns).

Kidiri the Covert (Spriggan Enchanter)                Turns: 72, Time: 00:00:41

Health: -5/27      AC:  2    Str:  4    XL:     5   Next: 91%
Magic:  14/15      EV: 23    Int: 17    God:
Gold:   0          SH:  0    Dex: 17    Spells: 16/17 levels left

rFire    . . .     SeeInvis +   a - +1 dagger
rCold    . . .     Gourm    .   (shield restricted)
rNeg     . . .     Faith    .   b - +0 robe
rPois    .         Spirit   .   (helmet restricted)
rElec    .         Reflect  .   (no cloak)
rCorr    .         Harm     .   (gloves unavailable)
MR       .....     NoTele   +   (boots unavailable)
Stlth    ++++......             (no amulet)
HPRegen  0.09/turn              (no ring)
MPRegen  0.14/turn              (no ring)

@: berserk cooldown, very quick
A: unfitting armour, see invisible, herbivore 3, speed 3, slow metabolism 2
a: no special abilities


You were in the Dungeon.
You were not hungry.

You visited 1 branch

Inventory:

Hand Weapons
 a - a +1 dagger (weapon)
Armour
 b - a +0 robe (worn)
Scrolls
 j - a scroll of blinking
Potions
 g - a potion of haste
 h - 2 potions of magic
Books
 c - a book of Maledictions

   Spells                             Type                      Level
   a - Corona                         Hexes                        1
   b - Ensorcelled Hibernation        Hexes/Ice                    2
   c - Confuse                        Hexes                        3
   d - Tukima's Dance                 Hexes                        3
   e - Dazzling Spray                 Conjuration/Hexes            3
Comestibles
 d - a bread ration


   Skills:
 + Level 2.6 Fighting
 * Level 5.7 Short Blades
 + Level 2.5 Armour
 * Level 8.0 Dodging
 * Level 9.2 Stealth
 * Level 6.8 Spellcasting
 + Level 5.7 Hexes


You had 16 spell levels left.
You knew the following spells:

 Your Spells              Type           Power        Failure   Level  Hunger
a - Corona                Hex            ####...      1%          1    None


Dungeon Overview and Level Annotations

Branches:
Dungeon (1/1)

Altars:


Innate Abilities, Weirdness & Mutations

You are very small and have problems with some larger weapons.
You are too small for most types of armour.
You have supernaturally acute eyesight. (SInv)
You are a herbivore.
You cover ground extremely quickly.
You need consume almost no food.


Message History

You hit the necrophage but do no damage.
The necrophage is moderately damaged.
You feel yourself speed up. The necrophage misses you.
You barely miss the necrophage.
The necrophage is moderately damaged.
The necrophage barely misses you.
You hit the necrophage.
The necrophage is moderately damaged.
The necrophage completely misses you.
You hit the necrophage but do no damage.
The necrophage is moderately damaged.
The necrophage hits you.
* * * LOW HITPOINT WARNING * * *
You hit the necrophage.
The necrophage is moderately damaged.
You closely miss the necrophage.
The necrophage is moderately damaged.
The necrophage hits you!
You die...

## ## ##$
.## .w w.
.#. # #+#
w##
##.##...#
+.<.+w#
##.####
#@# #n#.#
#.. ..#
##. .##
## ##


You could see a necrophage.

Vanquished Creatures
  3 necrophages (D)
3 creatures vanquished.

Vanquished Creatures (others)
  Menkaure (D)
  A crocodile (D)
2 creatures vanquished.

Grand Total: 5 creatures vanquished

Notes
Turn   | Place    | Note
-------+----------+-------------------------------------------
     0 | D        | Kidiri the Spriggan Enchanter began the quest for the Orb.
     0 | D        | Reached XP level 1. HP: 9/9 MP: 5/5
     1 | D        | Noticed a tyrant leech
     1 | D        | Noticed a tyrant leech
     7 | D        | Noticed a necrophage
     7 | D        | Noticed a necrophage
     7 | D        | Noticed a necrophage
     7 | D        | Noticed a necrophage
    17 | D        | Killed a necrophage
    17 | D        | Reached skill level 1 in Fighting
    17 | D        | Reached skill level 1 in Armour
    17 | D        | Reached skill level 5 in Dodging
    17 | D        | Reached skill level 7 in Stealth
    17 | D        | Reached skill level 5 in Spellcasting
    17 | D        | Reached XP level 2. HP: 5/13 MP: 6/9
    17 | D        | Reached XP level 3. HP: 7/17 MP: 6/10
    17 | D        | Reached XP level 4. HP: 8/21 MP: 7/12
    24 | D        | Killed a necrophage
    24 | D        | Reached skill level 8 in Stealth
    24 | D        | Reached skill level 5 in Hexes
    24 | D        | Reached XP level 5. HP: 10/25 MP: 7/14
    31 | D        | Killed Menkaure
    41 | D        | Killed a crocodile
    48 | D        | Killed a necrophage
    48 | D        | Reached skill level 5 in Short Blades
    48 | D        | Reached skill level 9 in Stealth
    72 | D        | Slain by a necrophage

Vault maps used:
D:        the_violet_keep_of_menkaure

Skill      XL: |  1  2  3  4  5 |
---------------+----------------+-----
Fighting       | 1 2 |  2.6
Short Blades   | 3 4 5 |  5.7
Armour         | 1 2 |  2.5
Dodging        | 5 7 8 |  8.0
Stealth        | 7 8 9 |  9.2
Spellcasting   | 5 6 |  6.8
Hexes          | 4 5 |  5.7

Action                   |  1- 3 |  4- 6 || total
-------------------------+-------+-------++-------
Melee: Dagger            |     8 |    52 ||    60
  Use: Potion            |     1 |     2 ||     3
Armor: Robe              |       |     1 ||     1
Dodge: Dodged            |     2 |    38 ||    40
